 Dungeon Crawl Stone Soup version 0.25.1-2-g60ff931df9 (webtiles) character file.

Game seed: 11215693676960893285

884 KittyFluff the Cudgeler (level 8, -12/67 HPs)
             Began as a Gnoll Berserker on Nov 19, 2020.
             Was a Priest of Trog.
             Mangled by an orc warrior
             ... wielding a +0 halberd
              (19 damage)
             ... on level 5 of the Dungeon.
             The game lasted 00:20:35 (4244 turns).

KittyFluff the Cudgeler (Gnoll Berserker)           Turns: 4244, Time: 00:20:36

Health: -12/67     AC: 15    Str: 20    XL:     8   Next: 5%
Magic:  12/12      EV: 15    Int: 10    God:    Trog [***...]
Gold:   166        SH:  0    Dex: 16    Spells: 12/12 levels left

rFire    . . .     SeeInvis .   a - +2 morningstar (protect)
rCold    . . .     Gourm    .   (no shield)
rNeg     . . .     Faith    .   m - +0 leather armour
rPois    .         Spirit   .   h - +2 helmet
rElec    .         Reflect  .   (no cloak)
rCorr    .         Harm     .   (no gloves)
MR       +....                  v - +0 pair of boots
Stlth    ++........             (no amulet)
HPRegen  0.21/turn              e - ring of protection from magic
MPRegen  0.13/turn              (no ring)

@: protection aura
A: distributed training, fangs 1, strong nose
a: Berserk, Trog's Hand, Renounce Religion


You were on level 5 of the Dungeon.
You worshipped Trog.
Trog was most pleased with you.
You were very hungry.

You visited 1 branch of the dungeon, and saw 5 of its levels.

You collected 166 gold pieces.

Inventory:

Hand Weapons
 a - a +2 morningstar of protection (weapon)
 r - a +0 mace
 u - a +0 great mace
Missiles
 b - 15 poisoned darts
 f - 58 arrows
 i - 2 boomerangs (quivered)
 w - 58 bolts
Armour
 h - a +2 helmet (worn)
 m - a +0 leather armour (worn)
 n - a +0 ring mail
 s - a +0 scale mail of magic resistance
 v - a +0 pair of boots (worn)
Jewellery
 e - a ring of protection from magic (left hand)
Scrolls
 d - 2 scrolls of remove curse
 j - 4 scrolls of teleportation
 l - 3 scrolls of identify
 q - a scroll of enchant weapon
 t - a scroll of enchant armour {unknown}
 x - a scroll of fear {unknown}
Potions
 g - 2 potions of invisibility
 k - 3 potions of heal wounds
 o - 2 potions of haste
 p - a potion of stabbing
Comestibles
 c - 8 rations


   Skills:
 + Level 7.2 Fighting
 + Level 2.8 Short Blades
 + Level 2.8 Long Blades
 + Level 2.8 Axes
 + Level 7.2 Maces & Flails
 + Level 2.8 Polearms
 + Level 2.8 Staves
 + Level 2.8 Slings
 + Level 2.8 Bows
 + Level 2.8 Crossbows
 + Level 2.8 Throwing
 + Level 5.4 Armour
 + Level 5.4 Dodging
 + Level 2.8 Stealth
 + Level 2.8 Shields
 + Level 2.8 Unarmed Combat
 + Level 2.8 Spellcasting
 + Level 2.3 Conjurations
 + Level 2.3 Hexes
 + Level 2.3 Charms
 + Level 2.3 Summonings
 + Level 2.3 Necromancy
 + Level 2.3 Translocations
 + Level 2.3 Transmutations
 + Level 2.3 Fire Magic
 + Level 2.3 Ice Magic
 + Level 2.3 Air Magic
 + Level 2.3 Earth Magic
 + Level 2.3 Poison Magic
 + Level 3.1 Invocations
 + Level 2.8 Evocations


You had 12 spell levels left.
You didn't know any spells.
Your spell library was empty.

Dungeon Overview and Level Annotations

Branches:
Dungeon (5/15)
 Temple: D:4-7

Altars:
Kikubaaqudgha
Makhleb
Nemelex Xobeh
Trog
Wu Jian
The Shining One


Innate Abilities, Weirdness & Mutations

Your experience applies equally to all skills.
You have very sharp teeth.
Your uncanny sense of smell can sniff out nearby items.


Message History

The orc warrior is moderately wounded.
The orc warrior hits you but does no damage.
You hit the orc warrior.
The orc warrior is moderately wounded.
The orc warrior hits you but does no damage.
You barely miss the orc warrior.
The orc warrior is moderately wounded.
The orc warrior hits you with a +0 halberd!
* * * LOW HITPOINT WARNING * * *
You closely miss the orc warrior.
The orc warrior is moderately wounded.
The orc warrior hits you with a +0 halberd!
* * * LOW HITPOINT WARNING * * *
You closely miss the orc warrior.
The orc warrior is moderately wounded.
The orc warrior closely misses you.
You hit the orc warrior.
The orc warrior is heavily wounded.
The orc warrior hits you with a +0 halberd!!
You die...

.# #.....# ⌠.
##.#####.###
#.#
....#$.†.(#....
#...#.....#...#
#......?...)..#
#...#.....#...#
#...#(((.$#...#
#...###.###...#
#....@o.......#
#..####..#.#..#
#..# ##(....
#..# ####..#
#..# .# #..# #
##### #..#
..... #..#
#####
#..#########


You could see an orc warrior.

Vanquished Creatures
  A sky beast (D:4)
  3 ogres
  A centaur (D:5)
  A scorpion (D:4)
  A howler monkey (D:4)
  3 hounds (D:4)
  2 worker ants (D:4)
  An orc wizard (D:4)
  Terence (D:2)
  4 gnolls (D:4)
  4 adders
  An ooze (D:1)
  An adder skeleton (D:4)
  3 worms
  3 dart slugs
  A leopard gecko (D:3)
  8 orcs
  6 bats
  8 giant cockroaches
  5 goblins
  8 hobgoblins
  6 jackals (D:1)
  7 kobolds
  2 quokkas
  2 frilled lizards
  A quokka skeleton (D:5)
  6 rats
  A rat zombie (D:2)
91 creatures vanquished.

Notes
Turn   | Place    | Note
-------+----------+-------------------------------------------
     0 | D:1      | KittyFluff the Gnoll Berserker began the quest for the Orb.
     0 | D:1      | Reached XP level 1. HP: 23/23 MP: 1/1
   125 | D:1      | Reached XP level 2. HP: 14/29 MP: 2/2
   456 | D:1      | Reached XP level 3. HP: 25/35 MP: 3/3
   669 | D:1      | Reached ** piety under Trog
   801 | D:1      | Reached skill level 1 in Invocations
  1168 | D:2      | Reached skill level 1 in Short Blades
  1168 | D:2      | Reached skill level 1 in Long Blades
  1168 | D:2      | Reached skill level 1 in Axes
  1168 | D:2      | Reached skill level 1 in Polearms
  1168 | D:2      | Reached skill level 1 in Staves
  1168 | D:2      | Reached skill level 1 in Slings
  1168 | D:2      | Reached skill level 1 in Bows
  1168 | D:2      | Reached skill level 1 in Crossbows
  1168 | D:2      | Reached skill level 1 in Throwing
  1168 | D:2      | Reached skill level 1 in Stealth
  1168 | D:2      | Reached skill level 1 in Shields
  1168 | D:2      | Reached skill level 1 in Unarmed Combat
  1168 | D:2      | Reached skill level 1 in Spellcasting
  1168 | D:2      | Reached skill level 1 in Evocations
  1199 | D:2      | Reached XP level 4. HP: 32/41 MP: 5/5
  1545 | D:2      | Found an ancient bone altar of Kikubaaqudgha.
  1677 | D:2      | Noticed Terence
  1694 | D:2      | Killed Terence
  1694 | D:2      | Reached skill level 1 in Conjurations
  1694 | D:2      | Reached skill level 1 in Hexes
  1694 | D:2      | Reached skill level 1 in Charms
  1694 | D:2      | Reached skill level 1 in Summonings
  1694 | D:2      | Reached skill level 1 in Necromancy
  1694 | D:2      | Reached skill level 1 in Translocations
  1694 | D:2      | Reached skill level 1 in Transmutations
  1694 | D:2      | Reached skill level 1 in Fire Magic
  1694 | D:2      | Reached skill level 1 in Ice Magic
  1694 | D:2      | Reached skill level 1 in Air Magic
  1694 | D:2      | Reached skill level 1 in Earth Magic
  1694 | D:2      | Reached skill level 1 in Poison Magic
  1881 | D:2      | Reached XP level 5. HP: 47/47 MP: 6/6
  2471 | D:3      | Found a sparkling altar of Nemelex Xobeh.
  2515 | D:3      | Found a burning altar of Makhleb.
  2568 | D:3      | Found a glowing golden altar of the Shining One.
  3203 | D:4      | Noticed a sky beast
  3213 | D:4      | Killed a sky beast
  3213 | D:4      | Reached XP level 6. HP: 32/53 MP: 8/8
  3262 | D:4      | Found an ornate altar of the Wu Jian Council.
  3422 | D:4      | Reached skill level 5 in Armour
  3422 | D:4      | Reached skill level 5 in Dodging
  3482 | D:4      | Found a bloodstained altar of Trog.
  3589 | D:4      | Reached XP level 7. HP: 58/59 MP: 10/10
  3635 | D:4      | Reached *** piety under Trog
  4047 | D:5      | Entered Level 5 of the Dungeon
  4229 | D:5      | Reached XP level 8. HP: 38/67 MP: 12/12
  4244 | D:5      | Mangled by an orc warrior

Illustrated notes

Levels and vault maps discovered:
D:1:      dpeg_chamrin_arrival_tetris, layout_loops_cross
D:2:      layout_loops_ring, lemuel_zombie_altar_kikubaaqudgha,
          minmay_close_crescents, uniq_terence
D:3:      layout_loops_corners, tso_altar, led_sif_pool, marbit_many_paths,
          nicolae_overflow_hidden_temple
D:4:      layout_basic, old_standard_altar, kennysheep_mini_moat, first_ration
D:5:      layout_basic, riverfiend_overflow_shadow_ancestor,
          minmay_temple_entry_proselytizer, zaba_anthole,
          minmay_misc_feat_cross, minmay_chambers_of_fives

Skill      XL: |  1  2  3  4  5  6  7 |
---------------+----------------------+-----
Invocations    | 1 2 3 |  3.1
Short Blades   | 1 2 |  2.8
Long Blades    | 1 2 |  2.8
Axes           | 1 2 |  2.8
Polearms       | 1 2 |  2.8
Staves         | 1 2 |  2.8
Slings         | 1 2 |  2.8
Bows           | 1 2 |  2.8
Crossbows      | 1 2 |  2.8
Throwing       | 1 2 |  2.8
Stealth        | 1 2 |  2.8
Shields        | 1 2 |  2.8
Unarmed Combat | 1 2 |  2.8
Spellcasting   | 1 2 |  2.8
Evocations     | 1 2 |  2.8
Conjurations   | 1 2 |  2.3
Hexes          | 1 2 |  2.3
Charms         | 1 2 |  2.3
Summonings     | 1 2 |  2.3
Necromancy     | 1 2 |  2.3
Translocations | 1 2 |  2.3
Transmutations | 1 2 |  2.3
Fire Magic     | 1 2 |  2.3
Ice Magic      | 1 2 |  2.3
Air Magic      | 1 2 |  2.3
Earth Magic    | 1 2 |  2.3
Poison Magic   | 1 2 |  2.3
Armour         | 5 |  5.4
Dodging        | 5 |  5.4
Fighting       | 7 |  7.2
Maces & Flails | 7 |  7.2

Action                   |  1- 3 |  4- 6 |  7- 9 || total
-------------------------+-------+-------+-------++-------
Melee: Mace              |    99 |    63 |       ||   162
       Bite              |     9 |    18 |    12 ||    39
       Morningstar       |       |    56 |    77 ||   133
       Punch             |       |     2 |       ||     2
Invok: Berserk           |       |       |     1 ||     1
  Use: Scroll            |     1 |     7 |       ||     8
 Stab: Sleeping          |     1 |     2 |       ||     3
  Eat: Chunk             |       |     5 |     2 ||     7
       Ration            |       |     1 |       ||     1
Armor: Animal skin       |    25 |       |       ||    25
       Leather armour    |     4 |    22 |    28 ||    54
Dodge: Dodged            |    96 |    77 |    88 ||   261
